 Dungeon Crawl Stone Soup version 0.32-a0-163-g159c032296 (webtiles) character file.

Game seed: 15142285590290593096

60 horus123 the Ducker (level 3, -4/23 HPs)
             Began as a Deep Elf Gladiator on Feb 11, 2024.
             Killed by nerve-wracking pain
             ... invoked by Jessica
              (14 damage)
             ... on level 2 of the Dungeon.
             The game lasted 00:01:55 (970 turns).

horus123 the Ducker (Deep Elf Gladiator)             Turns: 970, Time: 00:01:57

Health: -4/23      AC:  5    Str: 11    XL:     3   Next: 82%
Magic:  5/5        EV: 13    Int: 12    God:
Gold:   36         SH:  0    Dex: 18    Spells: 2/2 levels left

rFire   . . .        a - +0 long sword
rCold   . . .        (no shield)
rNeg    . . .        b - +0 leather armour
rPois   .            c - +0 helmet
rElec   .            (no cloak)
rCorr   .            n - +0 pair of gloves
SInv    .            (no boots)
Will    .....        (no amulet)
Stlth   +            (no ring)
HPRegen 0.23/turn    (no ring)
MPRegen 0.09/turn

%: no passive effects
@: no status effects
A: no striking features
a: no special abilities


You were on level 2 of the Dungeon.
You visited 1 branch of the dungeon, and saw 2 of its levels.

You collected 36 gold pieces.

Inventory:

Hand Weapons
 a - a +0 long sword (weapon)
 f - a +0 quarterstaff
Missiles
 d - 3 throwing nets (quivered)
 e - a javelin
Armour
 b - a +0 leather armour (worn)
 c - a +0 helmet (worn)
 g - a +0 chain mail
 n - a +0 pair of gloves (worn)
Jewellery
 k - a ring of fire
Scrolls
 j - a scroll of fear {unknown}
 l - a scroll of identify {unknown}
 o - a scroll of poison {unknown}
 p - a scroll of teleportation {unknown}
 r - a scroll of amnesia {unknown}
Potions
 h - 2 potions of heal wounds {unknown}
 i - 2 potions of attraction {unknown}
 m - a potion of brilliance {unknown}
 q - a potion of mutation {unknown}
 s - a potion of resistance {unknown}


   Skills:
 + Level 3.4 Fighting
 - Level 2.6 Long Blades
 - Level 2.0 Throwing
 - Level 3.6 Dodging


You had 2 spell levels left.
You didn't know any spells.
Your spell library was empty.

Dungeon Overview and Level Annotations

Branches:
Dungeon (2/15)

Altars:

Annotations:
D:2 Jessica


Message History

No target in view!
No target in view!
No target in view!
No target in view!
No target in view!
No target in view!
r - a scroll labelled ILIUFA TIRGHOMP
s - a lumpy green potion Jessica the Apprentice Sorceress comes into view.
She is wielding a +0 short sword.
A dart slug comes into view.
Found a club.
Found two stone staircases leading down.
Jessica shouts!
You hear a shout!
Jessica shouts, "I don't like beings like you!"
Jessica mumbles some strange words.
Jessica blinks!
Found a ring mail.
A hobgoblin comes into view.
You hit the dart slug.
The dart slug is heavily wounded.
You slash the dart slug!
You kill the dart slug!
You barely miss the hobgoblin.
Jessica points at you and mumbles some strange words.
Pain shoots through your body! The hobgoblin misses you.
You hit the hobgoblin.
The hobgoblin is almost dead.
The hobgoblin hits you.
You are too injured to fight recklessly!
You are too injured to fight recklessly!
You are too injured to fight recklessly!
You are too injured to fight recklessly!
Unknown command.
You slash the hobgoblin!
You kill the hobgoblin!
Jessica hits you with a +0 short sword.
Jessica points at you and mumbles some strange words.
Pain shoots through your body!
Ouch! That really hurt!
You die...

#...# #. ...>..[.#
#####...####. ........#
#............
.............###....####
........########....#
.......)# #.......#.#
..>.....###....####..###
##.#..@...#....# ##.##.
.......@.......# #.##.
#..#...†..#....# ##.##.
#...........# ......
#....................
####.....##.........#
.......##........ #
##...... ......>..#
#.................
......


You could see Jessica.

Vanquished Creatures
  A dart slug (D:2)
  2 ball pythons
  2 bats (D:1)
  3 endoplasms (D:1)
  4 giant cockroaches
  6 goblins
  6 hobgoblins
  11 jackals (D:1)
  4 kobolds (D:1)
  3 quokkas (D:1)
  A frilled lizard (D:1)
  6 rats
49 creatures vanquished.

Notes
Turn   | Place    | Note
-------+----------+-------------------------------------------
     0 | D:1      | horus123 the Deep Elf Gladiator began the quest for the
                  | Orb.
     0 | D:1      | Reached XP level 1. HP: 12/12 MP: 3/3
   148 | D:1      | Reached XP level 2. HP: 17/17 MP: 4/4
   265 | D:1      | Reached XP level 3. HP: 21/22 MP: 5/5
   961 | D:2      | Noticed Jessica
   970 | D:2      | Killed from afar by Jessica

Illustrated notes

Levels and vault maps discovered:
D:1:      orjb1_clovarrival, layout_loops_ring
D:2:      layout_rooms, uniq_jessica

Skill      XL: |  1  2  3 |
---------------+----------+-----
Fighting       | 2 3 |  3.4
Long Blades    | |  2.6
Throwing       | |  2.0
Dodging        | |  3.6

Action                     || total
---------------------------++-------
  Melee: Long sword        ||   154
   Stab: Sleeping          ||     2
 Armour: Leather armour    ||    57
  Dodge: Dodged            ||   108

Table legend: (Time is in decaauts)
 A = Elapsed time spent in this place.
 B = Non-inter-level travel time spent in this place.
 C = Inter-level travel time spent in this place.
 D = Time resting spent in this place.
 E = Time spent auto-exploring this place.
 F = Levels seen in this place.
 G = Mean time per level.
                   A        B        C        D        E       F      G
               +--------+--------+--------+--------+--------+-----+--------+
         Total |   1023 |   1000 |     23 |      0 |    663 |   2 |  511.5 |
       Dungeon |   1023 |   1000 |     23 |      0 |    663 |   2 |  511.5 |
               +--------+--------+--------+--------+--------+-----+--------+

Top non-repeatable levels by time:
     D:1: 935 daAuts
     D:2: 88 daAuts
